 Dungeon Crawl Stone Soup version 0.28.0-43-g3370ac3207 (webtiles) character file.

Game seed: 2776466771925332283

331 Ablot the Grasshopper (level 6, 0/51 HPs)
             Began as a Gnoll Warper on Mar 5, 2022.
             Slain by a gnoll sergeant
             ... wielding a +1 trident of venom
              (9 damage)
             ... on level 5 of the Dungeon.
             The game lasted 00:05:13 (4968 turns).

Ablot the Grasshopper (Gnoll Warper)                Turns: 4968, Time: 00:05:14

Health: 0/51       AC:  4    Str: 12    XL:     6   Next: 52%
Magic:  14/14      EV: 17    Int: 13    God:
Gold:   110        SH:  0    Dex: 11    Spells: 13/15 levels left

rFire   . . .      SeeInvis .   a - +0 spear (freeze)
rCold   . . .      Faith    .   (no shield)
rNeg    + . .      Spirit   .   b - +1 robe {rN+}
rPois   .          Reflect  .   (no helmet)
rElec   .          Harm     .   (no cloak)
rCorr   .          Rampage  .   f - +0 pair of gloves
Will    +....                   (no boots)
Stlth   ++........              (no amulet)
HPRegen 0.17/turn               j - +4 ring of evasion
MPRegen 0.14/turn               t - ring of willpower

@: lethally poisoned (0 -> -7)
A: fangs 1, strong nose, distributed training
a: no special abilities


You were on level 5 of the Dungeon.
You visited 1 branch of the dungeon, and saw 5 of its levels.

You collected 110 gold pieces.

Inventory:

Hand Weapons
 a - a +0 spear of freezing (weapon)
 y - a +0 hunting sling
Missiles
 g - 166 stones
 i - 63 arrows
 k - 40 sling bullets
 m - 5 bolts
 o - 3 poisoned darts (quivered)
Armour
 b - a +1 robe of positive energy (worn)
 f - a +0 pair of gloves (worn)
Jewellery
 j - a +4 ring of evasion (left hand)
 t - a ring of willpower (right hand)
 u - a +4 ring of protection
Wands
 s - a wand of digging (2)
Scrolls
 d - 5 scrolls of teleportation {unknown}
 e - 5 scrolls of identify {unknown}
 l - a scroll of enchant weapon {unknown}
 w - a scroll of silence {unknown}
Potions
 h - a potion of curing {unknown}
 n - a potion of invisibility {unknown}
 p - a potion of ambrosia {unknown}
 q - a potion of brilliance {unknown}
 r - a potion of magic {unknown}
 v - 2 potions of degeneration {unknown}
 x - a potion of flight {unknown}
 z - a potion of cancellation {unknown}


   Skills:
 + Level 5.0 Fighting
 + Level 2.0 Short Blades
 + Level 2.0 Long Blades
 + Level 2.0 Axes
 + Level 2.0 Maces & Flails
 + Level 5.0 Polearms
 + Level 2.0 Staves
 + Level 2.0 Slings
 + Level 2.0 Bows
 + Level 2.0 Crossbows
 + Level 3.2 Throwing
 + Level 3.2 Armour
 + Level 5.0 Dodging
 + Level 2.0 Stealth
 + Level 2.0 Shields
 + Level 2.0 Unarmed Combat
 + Level 5.4 Spellcasting
 + Level 1.5 Conjurations
 + Level 1.5 Hexes
 + Level 1.5 Summonings
 + Level 1.5 Necromancy
 + Level 5.6 Translocations
 + Level 1.5 Transmutations
 + Level 1.5 Fire Magic
 + Level 1.5 Ice Magic
 + Level 1.5 Air Magic
 + Level 1.5 Earth Magic
 + Level 1.5 Poison Magic
 + Level 2.2 Invocations
 + Level 2.0 Evocations


You had 13 spell levels left.
You knew the following spells:

 Your Spells              Type           Power      Damage    Failure   Level
a - Blink                 Tloc           36%        N/A       2%          2

Your spell library contained the following spells:

 Spells                   Type           Power      Damage    Failure   Level
 Gell's Gravitas          Tloc           18%        N/A       5%          3
 Lesser Beckoning         Tloc           18%        N/A       5%          3
 Teleport Other           Tloc           18%        N/A       5%          3
 Magic Dart               Conj           28%        1d4       10%         1
 Call Imp                 Summ           7%         N/A       14%         2
 Corpse Rot               Necr/Air       14%        N/A       14%         2
 Mephitic Cloud           Conj/Pois/Air  7%         N/A       28%         3
 Manifold Assault         Tloc           18%        N/A       43%         5
 Dispel Undead            Necr           7%         3d8       67%         4
 Death Channel            Necr           3%         N/A       100%        6
 Storm Form               Tmut/Air       3%         N/A       100%        7


Dungeon Overview and Level Annotations

Branches:
Dungeon (5/15)
 Temple: D:4-7

Altars:

Annotations:
D:4 2 transporters, fly's ghost, weakling FoDe


Innate Abilities, Weirdness & Mutations

You have very sharp teeth.
Your uncanny sense of smell can sniff out nearby items.
Your experience applies equally to all skills.


Message History

You hit the jelly. You freeze the jelly.
Your hands burn!
The jelly is almost dead.
You hit the jelly. You freeze the jelly.
You kill the jelly!
Your Short Blades skill increases to level 2!
Your Long Blades skill increases to level 2!
Your Axes skill increases to level 2!
Your Maces & Flails skill increases to level 2!
Your Staves skill increases to level 2!
Your Slings skill increases to level 2!
Your Bows skill increases to level 2!
Your Crossbows skill increases to level 2!
Your Stealth skill increases to level 2!
Your Shields skill increases to level 2!
Your Unarmed Combat skill increases to level 2!
Your Evocations skill increases to level 2!
You start resting.
HP restored.
There is a stone staircase leading down here.
You climb downwards.
The gnoll shouts!
You hear a shout!
The gnoll shouts!
A gnoll sergeant comes into view. It is wielding a +1 trident of venom.
Found a mace.
There is a stone staircase leading up here.
A gnoll comes into view. It is wielding a +0 club.
The gnoll hits you with a +0 halberd.
You barely miss the gnoll.
The gnoll shouts!
The gnoll closely misses you.
You closely miss the gnoll. You bite the gnoll, but do no damage.
You hit the gnoll but do no damage. The gnoll misses you.
The gnoll sergeant hits you from afar with a +1 trident of venom!
You are poisoned.
You hit the gnoll but do no damage. Your bite misses the gnoll.
You feel very sick. The gnoll hits you with a +0 halberd!
The gnoll sergeant hits you from afar with a +1 trident of venom.
You barely miss the gnoll.
You feel sick. The gnoll hits you with a +0 halberd.
* * * LOW HITPOINT WARNING * * *
The gnoll sergeant hits you from afar with a +1 trident of venom!
You die...

### ..#
#g# #g#
#g# #g#
##@# #..#
#<.#
#).......
#.#######
#+# ∆


You could see a gnoll sergeant and 3 gnolls.

Vanquished Creatures
  An ogre (D:4)
  A jelly (D:4)
  A bullfrog skeleton (D:4)
  3 gnolls (D:1)
  6 adders
  2 worms
  3 dart slugs
  An orc (D:5)
  4 bats
  11 endoplasms
  5 giant cockroaches
  7 goblins
  9 hobgoblins
  2 jackals (D:3)
  12 kobolds
  3 quokkas
  13 ball pythons
  A frilled lizard (D:2)
  3 rats
88 creatures vanquished.

Notes
Turn   | Place    | Note
-------+----------+-------------------------------------------
     0 | D:1      | Ablot the Gnoll Warper began the quest for the Orb.
     0 | D:1      | Reached XP level 1. HP: 20/20 MP: 6/6
    96 | D:1      | Reached XP level 2. HP: 26/26 MP: 7/7
    99 | D:1      | Learned a level 2 spell: Blink
   423 | D:1      | Reached XP level 3. HP: 24/31 MP: 9/9
   494 | D:1      | Reached skill level 5 in Spellcasting
   692 | D:1      | Reached skill level 1 in Invocations
   959 | D:1      | Reached skill level 1 in Short Blades
   959 | D:1      | Reached skill level 1 in Long Blades
   959 | D:1      | Reached skill level 1 in Axes
   959 | D:1      | Reached skill level 1 in Maces & Flails
   959 | D:1      | Reached skill level 1 in Staves
   959 | D:1      | Reached skill level 1 in Slings
   959 | D:1      | Reached skill level 1 in Bows
   959 | D:1      | Reached skill level 1 in Crossbows
   959 | D:1      | Reached skill level 1 in Stealth
   959 | D:1      | Reached skill level 1 in Shields
   959 | D:1      | Reached skill level 1 in Unarmed Combat
   959 | D:1      | Reached skill level 1 in Evocations
   971 | D:1      | Reached XP level 4. HP: 4/38 MP: 11/11
  1886 | D:2      | Reached skill level 1 in Conjurations
  1886 | D:2      | Reached skill level 1 in Hexes
  1886 | D:2      | Reached skill level 1 in Summonings
  1886 | D:2      | Reached skill level 1 in Necromancy
  1886 | D:2      | Reached skill level 1 in Transmutations
  1886 | D:2      | Reached skill level 1 in Fire Magic
  1886 | D:2      | Reached skill level 1 in Ice Magic
  1886 | D:2      | Reached skill level 1 in Air Magic
  1886 | D:2      | Reached skill level 1 in Earth Magic
  1886 | D:2      | Reached skill level 1 in Poison Magic
  2509 | D:2      | Found a faded altar of an unknown god.
  2718 | D:3      | Reached XP level 5. HP: 41/43 MP: 12/12
  3778 | D:4      | Noticed an ogre
  3982 | D:4      | Killed an ogre
  3983 | D:4      | Reached XP level 6. HP: 24/50 MP: 13/13
  4210 | D:4      | Reached skill level 5 in Fighting
  4210 | D:4      | Reached skill level 5 in Polearms
  4210 | D:4      | Reached skill level 5 in Dodging
  4258 | D:4      | Found a transporter.
  4280 | D:4      | Noticed fly's ghost (weakling FoDe)
  4289 | D:4      | Identified the +3 dire flail of Foneeng {vorpal, Will+
                  | Int+2}
  4305 | D:4      | Found a transporter.
  4609 | D:5      | Entered Level 5 of the Dungeon
  4628 | D:5      | Noticed an acid dragon
  4968 | D:5      | Slain by a gnoll sergeant

Illustrated notes

Levels and vault maps discovered:
D:1:      scummos_arrival_star, layout_basic, roderic_lattice_a
D:2:      layout_loops_ring, shapermc_ecumenical_altar_mp_highgroup,
          kennysheep_minor_cross, minmay_misc_feat_alley
D:3:      layout_loops_ring, chequers_mini_garden
D:4:      layout_rooms, gammafunk_ghost_smash
D:5:      layout_basic, lemuel_round_altar, nicolae_overflow_crystal_walls,
          grunt_ministairs_13, minmay_a_box_with_orc_wizards_in_it

Skill      XL: |  1  2  3  4  5  6 |
---------------+-------------------+-----
Spellcasting   | 5 |  5.4
Invocations    | 1 2 |  2.2
Short Blades   | 1 2 |  2.0
Long Blades    | 1 2 |  2.0
Axes           | 1 2 |  2.0
Maces & Flails | 1 2 |  2.0
Staves         | 1 2 |  2.0
Slings         | 1 2 |  2.0
Bows           | 1 2 |  2.0
Crossbows      | 1 2 |  2.0
Stealth        | 1 2 |  2.0
Shields        | 1 2 |  2.0
Unarmed Combat | 1 2 |  2.0
Evocations     | 1 2 |  2.0
Conjurations   | 1 |  1.5
Hexes          | 1 |  1.5
Summonings     | 1 |  1.5
Necromancy     | 1 |  1.5
Transmutations | 1 |  1.5
Fire Magic     | 1 |  1.5
Ice Magic      | 1 |  1.5
Air Magic      | 1 |  1.5
Earth Magic    | 1 |  1.5
Poison Magic   | 1 |  1.5
Throwing       | 3 |  3.2
Armour         | 3 |  3.2
Fighting       | 5 |  5.0
Polearms       | 5 |  5.0
Dodging        | 5 |  5.0
Translocations | |  5.6

Action                   |  1- 3 |  4- 6 || total
-------------------------+-------+-------++-------
Melee: Spear             |   129 |   253 ||   382
       Punch             |     2 |     6 ||     8
       Bite              |     8 |    27 ||    35
Throw: Boomerang         |     5 |       ||     5
       Dart              |       |     3 ||     3
 Cast: Blink             |       |     1 ||     1
  Use: Scroll            |       |     1 ||     1
 Stab: Sleeping          |     2 |    10 ||    12
Armor: Leather armour    |    26 |     7 ||    33
       Robe              |       |    33 ||    33
Dodge: Dodged            |    73 |   122 ||   195
